 Dungeon Crawl Stone Soup version 0.29-a0-911-g88e6f02907 (webtiles) character file.

Game seed: 1056080797216587466

58 googobbug the Covered (level 4, -2/40 HPs)
             Began as a Hill Orc Fighter on July 25, 2022.
             Slain by an orc priest
             ... wielding a +0 dagger
              (4 damage)
             ... on level 3 of the Dungeon.
             The game lasted 00:02:58 (1979 turns).

googobbug the Covered (Hill Orc Fighter)            Turns: 1979, Time: 00:02:58

Health: -2/40      AC:  7    Str: 20    XL:     4   Next: 1%
Magic:  4/4        EV:  9    Int:  8    God:
Gold:   86         SH:  4    Dex: 10    Spells: 3/3 levels left

rFire   . . .      SeeInvis .   a - +0 war axe
rCold   . . .      Faith    .   c - +0 buckler
rNeg    . . .      Spirit   .   b - +0 scale mail
rPois   .          Reflect  .   (no helmet)
rElec   .          Harm     .   (no cloak)
rCorr   .          Rampage  .   (no gloves)
Will    .....                   (no boots)
Stlth   ..........              (no amulet)
HPRegen 0.13/turn               (no ring)
MPRegen 0.09/turn               (no ring)

@: no status effects
A: no striking features
a: Convert to Beogh


You were on level 3 of the Dungeon.
You visited 1 branch of the dungeon, and saw 3 of its levels.

You collected 86 gold pieces.

Inventory:

Hand Weapons
 a - a +0 war axe (weapon)
Armour
 b - a +0 scale mail (worn)
 c - a +0 buckler (worn)
Jewellery
 i - a ring of magical power
Wands
 p - a wand of flame (11)
Scrolls
 g - 2 scrolls of blinking {unknown}
 h - a scroll of amnesia {unknown}
 j - 3 scrolls of identify {unknown}
 m - a scroll of teleportation {unknown}
 n - a scroll of acquirement {unknown}
 o - a scroll of enchant armour {unknown}
Potions
 d - 3 potions of might
 e - 2 potions of invisibility {unknown}
 f - a potion of degeneration {unknown}
 k - 4 potions of curing {unknown}
 l - a potion of flight {unknown}


   Skills:
 + Level 4.0 Fighting
 + Level 3.6 Axes
 + Level 4.0 Armour
 + Level 0.3 Dodging
 + Level 0.1 Stealth
 + Level 3.7 Shields


You had 3 spell levels left.
You didn't know any spells.
Your spell library contained the following spells:

 Spells                   Type           Power      Damage    Failure   Level
 Freeze                   Ice            0%         1d3       85%         1
 Frozen Ramparts          Ice            0%         1d2       99%         3
 Hailstorm                Conj/Ice       0%         3d3       100%        4


Dungeon Overview and Level Annotations

Branches:
Dungeon (3/15)

Altars:

Annotations:
D:3 2 transporters, dang3rdave's ghost, amateur GrAK


Message History

You slash the hound!
You kill the hound!
The kobold closely misses you.
The kobold hits you with a +0 short sword.
Your Fighting skill increases to level 4!
Your Armour skill increases to level 4!
You have reached level 4!
You miss the kobold.
The kobold is moderately wounded.
You block the kobold's attack.
You slash the kobold!
You kill the kobold!
Found two items.
You see here a +0 short sword.
Dang3rdave's ghost stares at you.
Found a copper wand.
o - a scroll labelled XOATIM ZIENAESO
j - 3 scrolls labelled HEIQEOM JAANUROKE (gained 1) HP restored.
p - a wand of flame (11)
Found a stone staircase leading down.
Found a chain mail.
An orc priest comes into view. It is wielding a +0 dagger.
The orc priest shouts, "Beogh is our master!
Accept the truth or die!" (press Y on the ability menu to convert to Beogh)
The orc priest shouts!
The orc priest mumbles some strange prayers to Beogh against you.
Beogh smites you!
An orc comes into view. It is wielding a +0 short sword.
The orc shouts!
The orc priest mumbles some strange prayers to Beogh against you.
Pain shoots through your body!
An orc comes into view. It is wielding a +0 dagger.
The orc priest invokes the aid of Beogh against you.
Beogh smites you!
* * * LOW HITPOINT WARNING * * *
The orc shouts!
You closely miss the orc priest.
The orc priest hits you with a +0 dagger.
You die...

##.. .. #..# ##. #..# ..
#..#.. #..#. ########.oo
#........o# #....####@# .
#....[....# ..
..........####.####.
#.................... ....
##.........#........ ....
#..........#........ .....
#..........#........ .....
#..........#........
......#.#####.............


You could see an orc priest and 2 orcs.

Vanquished Creatures
  A hound (D:3)
  3 ball pythons
  4 endoplasms
  A giant cockroach (D:1)
  4 hobgoblins (D:1)
  3 bats (D:1)
  A frilled lizard (D:1)
  5 goblins
  3 kobolds
  2 rats
27 creatures vanquished.

Notes
Turn   | Place    | Note
-------+----------+-------------------------------------------
     0 | D:1      | googobbug the Hill Orc Fighter began the quest for the Orb.
     0 | D:1      | Reached XP level 1. HP: 19/19 MP: 1/1
   296 | D:1      | Reached XP level 2. HP: 27/27 MP: 2/2
  1527 | D:2      | Reached XP level 3. HP: 33/33 MP: 3/3
  1734 | D:3      | Noticed dang3rdave's ghost (amateur GrAK)
  1735 | D:3      | Found a transporter.
  1735 | D:3      | Found a transporter.
  1736 | D:3      | Noticed an ogre
  1737 | D:3      | Noticed an ogre
  1749 | D:3      | Reached XP level 4. HP: 16/40 MP: 4/4
  1978 | D:3      | HP: 2/40 [orc priest/divine providence (14)]
  1979 | D:3      | Slain by an orc priest

Illustrated notes

Levels and vault maps discovered:
D:1:      dpeg_arrival_arbitrary_b, layout_basic
D:2:      layout_basic, kennysheep_flooded_box
D:3:      layout_basic, old_standard_altar, gammafunk_ghost_smash,
          hangedman_decor_lopped

Skill      XL: |  1  2  3 |
---------------+----------+-----
Axes           | 3 |  3.6
Fighting       | 4 |  4.0
Armour         | 4 |  4.0
Dodging        | |  0.3
Stealth        | |  0.1
Shields        | |  3.7

Action                   |  1- 3 |  4- 6 || total
-------------------------+-------+-------++-------
Melee: War axe           |    67 |     3 ||    70
Armor: Scale mail        |    36 |       ||    36
Dodge: Dodged            |    46 |       ||    46
Block: Buckler           |    17 |     1 ||    18

Table legend: (Time is in decaauts)
 A = Elapsed time spent in this place.
 B = Non-inter-level travel time spent in this place.
 C = Inter-level travel time spent in this place.
 D = Time resting spent in this place.
 E = Time spent auto-exploring this place.
 F = Levels seen in this place.
 G = Mean time per level.
                   A        B        C        D        E       F      G
               +--------+--------+--------+--------+--------+-----+--------+
         Total |   2005 |   2005 |      0 |      0 |   1582 |   3 |  668.3 |
       Dungeon |   2005 |   2005 |      0 |      0 |   1582 |   3 |  668.3 |
               +--------+--------+--------+--------+--------+-----+--------+

Top non-repeatable levels by time:
     D:2: 926 daAuts
     D:1: 792 daAuts
     D:3: 287 daAuts
